 Dungeon Crawl Stone Soup version 0.22-a0-259-gdd11e71 (webtiles) character file.

190768 4thArraOfDagon the Black Belt (level 19, -1/165 HPs)
             Began as a Halfling Air Elementalist on Mar 5, 2018.
             Was a High Priest of Cheibriados.
             Slain by a salamander
             ... wielding a +1 trident
              (12 damage)
             ... on level 1 of the Snake Pit.
             The game lasted 01:38:54 (16749 turns).

4thArraOfDagon the Black Belt (HaAE)               Turns: 16749, Time: 01:38:54

Health: -1/165     AC: 30    Str: 25    XL:     19   Next: 33%
Magic:  32/32      EV: 33    Int: 38    God:    Cheibriados [*****.]
Gold:   58         SH:  0    Dex: 35    Spells: 7/36 levels left

rFire    . . .     SeeInvis .     - Unarmed
rCold    + . .     Gourm    .   (shield restricted)
rNeg     + + .     Faith    .   (armour currently unavailable)
rPois    ∞         Spirit   .   y - +1 helmet {Int+3}
rElec    +         Reflect  .   (no cloak)
rCorr    .         Harm     .   (gloves currently unavailable)
MR       +....                  (boots currently unavailable)
Stlth    +++++.....             t - amulet of magic regeneration
HPRegen  0.37/turn              P - ring "Qotuca" {Ice Slay+6}
MPRegen  0.48/turn              m - ring "Jitugiu" {+Blink rF+ rN+ Dex+4}

@: statue-form, studying Shields, very slow
A: small, clever 1, mutation resistance 1, strong 1
a: End Transformation, Bend Time, Temporal Distortion, Slouch, Step From Time,
Renounce Religion, Evoke Blink


You were on level 1 of the Snake Pit.
You worshipped Cheibriados.
Cheibriados was extremely pleased with you.
You were very hungry.
You were a stone statue.
You visited 5 branches of the dungeon, and saw 23 of its levels.
You visited the Abyss 4 times.
You also visited: Bailey.

You collected 2991 gold pieces.
You spent 2933 gold pieces at shops.

Inventory:

Hand Weapons
 L - the +9 rapier of Welfare {venom, *Rage rPois Str-4 Int+7}
   (You took it off an orc priest on level 9 of the Dungeon)

   It poisons the flesh of those it strikes.
   It affects your strength (-4).
   It affects your intelligence (+7).
   It protects you from poison.
   It may make you go berserk in combat.
Armour
 n - the +1 pair of gloves of Music (melded) {Dex+3}
   (You found it on level 3 of the Elven Halls)

   It affects your dexterity (+3).
 y - a +1 helmet of intelligence (worn)
 N - a +1 pair of boots (melded)
 Q - the +2 robe of Vines (melded) {NoPotionHeal Regen+7}
   (You took it off a deep elf mage on level 1 of the Elven Halls)

   It increases your rate of regeneration.
Magical Staves
 v - an uncursed staff of energy {!a}
 G - an uncursed staff of power {!a}
Jewellery
 m - the ring "Jitugiu" (right hand) {+Blink rF+ rN+ Dex+4}
   (You found it on level 2 of the Elven Halls)

   [ring of positive energy]

   It affects your dexterity (+4).
   It protects you from fire.
   It protects you from negative energy.
   It lets you blink.
 t - an amulet of magic regeneration (around neck)
 P - the ring "Qotuca" (left hand) {Ice Slay+6}
   (You took it off a deep elf master archer on level 3 of the Elven Halls)

   [ring of ice]

   It enhances your ice magic.
   It affects your accuracy and damage with ranged weapons and melee attacks
   (+6).
   It makes you vulnerable to fire.
   It protects you from cold.
 T - an uncursed ring of wizardry
 X - the ring of Loinoggu {rF+ Str+2}
   (You took it off a deep elf sorcerer on level 3 of the Elven Halls)

   [ring of protection from fire]

   It affects your strength (+2).
   It protects you from fire.
 Y - the ring "Zuhu" {rCorr Str+6 Stlth-}
   (You took it off a deep elf annihilator on level 3 of the Elven Halls)

   [ring of resist corrosion]

   It affects your strength (+6).
   It makes you less stealthy.
Wands
 l - a wand of scattershot (4)
 w - a wand of digging (23)
 x - a wand of clouds (1)
 R - a wand of iceblast (5)
Scrolls
 b - 13 scrolls of remove curse
 e - 2 scrolls of fog
 f - 3 scrolls of blinking
 j - 2 scrolls of identify
 p - 5 scrolls of amnesia
 s - 9 scrolls of teleportation
 B - 8 scrolls of magic mapping
 K - 3 scrolls of immolation
 U - a scroll of silence
Potions
 d - 2 potions of magic
 g - a potion of invisibility
 i - 2 potions of brilliance
 k - 8 potions of flight
 q - 4 potions of berserk rage
 r - 10 potions of curing
 u - 12 potions of heal wounds
 z - a potion of cancellation
 D - 3 potions of might
 F - a potion of agility
 I - 3 potions of mutation
 W - 3 potions of resistance
Books
 o - a manual of Shields
Miscellaneous
 a - 3 boxes of beasts
 h - 3 sacks of spiders
 Z - a phantom mirror
Comestibles
 c - 16 rations


   Skills:
 + Level 10.4 Fighting
 + Level 13.8 Dodging
 - Level 7.7 Stealth
 * Level 15.0 Unarmed Combat
 - Level 9.0 Spellcasting
   Level 0.7 Conjurations
 * Level 2.5 Charms
 * Level 2.0 Necromancy
 - Level 7.8 Transmutations
 - Level 4.0 Air Magic
 * Level 11.2 Earth Magic
 - Level 9.0 Invocations


You had 7 spell levels left.
You knew the following spells:

 Your Spells              Type           Power        Failure   Level  Hunger
b - Apportation           Tloc           ###...       2%          1    None
c - Airstrike             Air            #####.....   4%          4    None
d - Animate Skeleton      Necr           N/A          1%          1    None
e - Statue Form           Tmut/Erth      ######...    7%          6    #####..
f - Shatter               Erth           #######...   100%        9    #######
g - Regeneration          Chrm/Necr      ####......   2%          3    None
h - Borgnjor's Vile Clut  Necr/Erth      ######....   4%          5    ##.....


Dungeon Overview and Level Annotations

Branches:
Dungeon (15/15)            Temple (0/1) D:6            Lair (2/6) D:9
  Snake (1/4) Lair:2          Orc (2/2) D:12            Elf (3/3) Orc:2
 Vaults (0/5) D:13
  Swamp: Lair:2-4    Shoals: Lair:2-4    Depths: D:15

Altars:
Cheibriados
Gozag
Makhleb
Nemelex Xobeh
Okawaru
Ru
Uskayaw
Xom
Yredelemnul

Shops:
D:6 [   D:12 :%   Orc:1 ?   Orc:2 ([*:   Elf:1 !?}?   Snake:1 *


Innate Abilities, Weirdness & Mutations

You are small and have problems with some larger weapons.
You are somewhat resistant to further mutation.
Your mind is acute. (Int +2)
Your muscles are strong. (Str +2)


Message History

* * * LOW HITPOINT WARNING * * *
The salamander hits you but does no damage.
The salamander closely misses you. x2; The salamander misses you.
Things that are here:
a battleaxe; a robe Unknown command.
You pummel the salamander like a punching bag!!!
You punch the salamander.
The salamander is severely wounded.
The salamander hits you with an enchanted trident.
* * * LOW HITPOINT WARNING * * *
You are engulfed in flames!
* * * LOW HITPOINT WARNING * * *
You hit the salamander.
The salamander is severely wounded.
The salamander closely misses you.
The salamander hits you with an enchanted trident!
* * * LOW HITPOINT WARNING * * *
You are engulfed in flames!
You die...

#. ...##.......#.
............#.## #.#
............#..# #..#
........... #..###..#
.......... #...#...#
......... ###♣.♣#♣.♣###
....>..N###.♣.......♣.##
.......8((....8.∩.8.....
.......)###.♣.......♣.##
......### ###♣.♣#♣.♣#
..###. #...#...# . .
#..###..# .. #..# #..#
.. #.## ##.# #.. #. #.#
#.#


You could see a salamander.

Vanquished Creatures
  A bone dragon (Abyss:2)
  3 deep elf blademasters
  2 deep elf master archers (Elf:3)
  4 tentacled starspawn
  Donald (Elf:2)
  A revenant (Abyss:2)
  The ghost of emperorscorpion the Thaumaturge, an adept GnSk of Okawaru (Elf:1)
  A cacodemon (Abyss:3)
  An orc warlord (Orc:2)
  4 deep elf sorcerers (Elf:3)
  5 deep elf elementalists (Elf:3)
  6 deep elf annihilators
  3 deep elf demonologists
  An eidolon (Abyss:2)
  A deep elf death mage (Elf:3)
  3 deep elf high priests (Elf:3)
  3 naga warriors (Snake:1)
  A hydra (D:11)
  4 vault guards (D:13)
  A centaur warrior (D:15)
  2 tengu warriors (D:13)
  28 dancing weapons
  2 anacondas (Snake:1)
  An ogre mage (D:15)
  7 two-headed ogres
  4 orc high priests
  3 thrashing horrors
  The ghost of Anon1729 the Conjurer, a novice DsFE of Ashenzari (D:8)
  20 deep elf knights
  A naga sharpshooter (Snake:1)
  2 wretched stars
  A soul eater (Abyss:2)
  A salamander mystic (Snake:1)
  4 sixfirhies
  3 wizards
  2 unseen horrors
  A storm dragon skeleton (Abyss:3)
  13 deep elf archers
  A swamp dragon (Abyss:3)
  A naga ritualist (Snake:1)
  3 necromancers
  70 deep elf magi
  3 orc knights
  A wolf spider zombie (D:15)
  5 orc sorcerers
  A mana viper (Snake:1)
  11 ugly things
  A salamander (shapeshifter) (D:14)
  4 worldbinders (Abyss:2)
  3 manticores
  2 cyclopes
  An eye of devastation (shapeshifter) (Elf:3)
  5 smoke demons
  10 black mambas (Snake:1)
  2 naga magi (Snake:1)
  An elephant (D:9)
  2 gargoyles (D:13)
  An orange demon (Abyss:2)
  4 centaur skeletons
  2 kobold demonologists (D:14)
  A spiny frog (Lair:2)
  A rime drake (shapeshifter) (D:14)
  A komodo dragon (D:12)
  An ancient zyme (Abyss:2)
  A freezing wraith (Abyss:2)
  2 efreet
  A jumping spider (shapeshifter) (D:15)
  6 trolls
  4 slime creatures
  5 hippogriffs
  9 large abominations
  14 starcursed masses
  2 air elementals (Elf:1)
  A shadow (D:15)
  10 yaks
  3 water elementals
  16 humans (D:13)
  3 fire elementals
  A wyvern (D:14)
  A wraith (Abyss:2)
  A basilisk (Lair:1)
  A hungry ghost (D:14)
  4 vampire mosquitoes (D:15)
  2 steam dragons
  3 insubstantial wisps (Abyss:3)
  2 wargs (Orc:1)
  An acid dragon (D:11)
  2 hell hounds (Abyss:3)
  11 nagas
  2 water moccasins
  A merfolk zombie (Abyss:2)
  2 black bears
  A porcupine (Lair:2)
  6 ice beasts
  36 orc warriors
  3 sky beasts
  2 phantoms
  2 eyes of draining
  11 ogres
  6 small abominations
  7 crocodiles
  12 centaurs
  2 big kobolds
  Blork the orc (D:6)
  8 bullfrogs
  A gnoll sergeant (D:10)
  4 earth elementals
  A wyvern zombie (D:9)
  A wyvern skeleton (D:8)
  3 scorpions
  A scorpion (shapeshifter) (D:14)
  9 killer bees
  5 wights (D:8)
  A howler monkey (D:5)
  8 crimson imps
  A bullfrog zombie (D:5)
  5 centaur zombies
  3 jellies
  7 hounds
  33 orc wizards
  37 orc priests
  2 bullfrog skeletons
  2 iron imps (Abyss:2)
  2 iguanas
  9 worker ants
  2 hound skeletons
  Robin (D:1)
  11 adders
  21 gnolls
  2 shadow imps
  A white imp (Abyss:2)
  2 ufetubi (Abyss:2)
  An adder zombie (D:9)
  3 worms
  A dart slug (D:3)
  7 leopard geckos
  90 orcs
  11 bats
  7 giant cockroaches
  24 goblins
  16 hobgoblins
  12 jackals
  3 quokkas
  A ball python (D:4)
  4 frilled lizards
  26 kobolds
  A leopard gecko skeleton (D:5)
  9 rats
880 creatures vanquished.

Vanquished Creatures (others)
  Asterion (Elf:1)
  3 deep elf knights
  A deep elf mage (Elf:2)
  A sky beast (D:8)
  A lurking horror (Abyss:3)
  A plant (Snake:1)
  10 starspawn tentacles
18 creatures vanquished.

Grand Total: 898 creatures vanquished

Notes
Turn   | Place    | Note
-------+----------+-------------------------------------------
     0 | D:1      | 4thArraOfDagon the Halfling Air Elementalist began the quest for the Orb.
     0 | D:1      | Reached XP level 1. HP: 11/11 MP: 3/3
    87 | D:2      | Found an opulent altar of Gozag.
   150 | D:2      | Found a snail-covered altar of Cheibriados.
   165 | D:2      | Reached XP level 2. HP: 15/17 MP: 0/4
   173 | D:2      | Became a worshipper of Cheibriados the Contemplative
   335 | D:1      | Reached XP level 3. HP: 22/22 MP: 3/5
   377 | D:1      | Reached * piety under Cheibriados
   521 | D:1      | Reached skill level 1 in Unarmed Combat
   695 | D:3      | Reached XP level 4. HP: 15/27 MP: 2/6
   766 | D:3      | Reached ** piety under Cheibriados
   810 | D:3      | Found an iron altar of Okawaru.
   911 | D:3      | Found an iron altar of Okawaru.
  1262 | D:2      | Reached skill level 1 in Invocations
  1301 | D:2      | Reached skill level 1 in Fighting
  1345 | D:2      | Reached XP level 5. HP: 33/33 MP: 4/7
  1390 | D:2      | Reached *** piety under Cheibriados
  1457 | D:2      | Noticed Robin
  1472 | D:1      | Killed Robin
  1632 | D:4      | Found a hide-covered altar of Uskayaw.
  1851 | D:4      | Reached **** piety under Cheibriados
  1894 | D:4      | Reached skill level 2 in Unarmed Combat
  1894 | D:4      | Reached XP level 6. HP: 28/38 MP: 1/8
  2012 | D:4      | Found a sparkling altar of Nemelex Xobeh.
  2322 | D:4      | Noticed an ogre
  2434 | D:4      | Reached XP level 7. HP: 45/45 MP: 4/10
  2463 | D:5      | Entered Level 5 of the Dungeon
  2590 | D:5      | Found a basalt altar of Yredelemnul.
  2615 | D:5      | Reached skill level 3 in Unarmed Combat
  2806 | D:5      | Reached ***** piety under Cheibriados
  3071 | D:5      | Reached XP level 8. HP: 21/51 MP: 2/11
  3204 | D:6      | Found a staircase to the Ecumenical Temple.
  3237 | D:6      | Reached skill level 4 in Unarmed Combat
  3333 | D:6      | Learned a level 1 spell: Apportation
  3352 | D:6      | Found Cemyrph's Antique Armour Shop.
  3360 | D:6      | Bought a runed helmet for 187 gold pieces
  3503 | D:6      | Noticed Blork the orc
  3510 | D:6      | Killed Blork the orc
  3870 | D:6      | Reached skill level 5 in Dodging
  3974 | D:7      | Reached skill level 5 in Unarmed Combat
  4168 | D:7      | Reached XP level 9. HP: 40/58 MP: 6/12
  4290 | D:8      | Noticed a hippogriff
  4331 | D:8      | Noticed Anon1729's ghost (novice DsFE)
  4337 | D:8      | Reached skill level 5 in Invocations
  4345 | D:7      | Learned a level 4 spell: Airstrike
  4403 | D:10     | Entered Level 10 of the Dungeon
  4548 | D:9      | Found a sacrificial altar of Ru.
  4558 | D:9      | Got a brightly glowing robe
  4569 | D:9      | Identified the +1 robe of the Boiling Point {Regen+ SInv} (You found it on level 9 of the Dungeon)
  4656 | D:11     | Noticed a two-headed ogre
  4731 | D:10     | Noticed a two-headed ogre
  4858 | D:10     | Was placed under penance by Cheibriados
  4864 | D:10     | Killed a two-headed ogre
  4864 | D:10     | Reached skill level 6 in Unarmed Combat
  4924 | D:10     | Was forgiven by Cheibriados
  5005 | D:10     | Reached XP level 10. HP: 65/65 MP: 11/14
  5093 | D:10     | Reached skill level 5 in Fighting
  5294 | D:7      | Got a pitted arbalest
  5449 | D:8      | Killed Anon1729's ghost
  5449 | D:8      | Reached skill level 7 in Unarmed Combat
  5682 | D:8      | Found a burning altar of Makhleb.
  5686 | D:8      | Found a shimmering altar of Xom.
  5687 | D:8      | Identified the cursed +0 arbalest of Pride {velocity, rPois Str-3 Int+4 Dex+9} (You found it on level 7 of the Dungeon)
  5802 | D:9      | Found a staircase to the Lair.
  5804 | D:9      | Noticed an elephant
  5853 | D:9      | Learned a level 1 spell: Animate Skeleton
  5874 | D:9      | Got an encrusted rapier {venom}
  5887 | D:9      | Killed an elephant
  5887 | D:9      | Reached skill level 8 in Unarmed Combat
  6014 | D:11     | Killed a two-headed ogre
  6014 | D:11     | Reached XP level 11. HP: 34/73 MP: 3/16
  6027 | D:11     | Noticed an unseen horror
  6039 | D:11     | Killed an unseen horror
  6205 | D:12     | Noticed a brown ugly thing
  6247 | D:11     | Noticed a five-headed hydra
  6275 | D:11     | Killed a five-headed hydra
  6279 | D:11     | Noticed a two-headed ogre
  6313 | D:11     | Reached skill level 9 in Unarmed Combat
  6340 | D:11     | Killed a two-headed ogre
  6423 | D:12     | Noticed a two-headed ogre
  6429 | D:12     | Killed a two-headed ogre
  6603 | D:12     | Found a staircase to the Orcish Mines.
  6692 | D:12     | Noticed a purple ugly thing
  6711 | D:12     | Found Neptodur's Food Shoppe.
  6769 | D:12     | Found Xidwipp's Book Shoppe.
  6881 | D:12     | Killed a green ugly thing
  6881 | D:12     | Reached XP level 12. HP: 76/81 MP: 8/18
  7085 | D:13     | Found a flagged portal.
  7093 | Bailey   | Entered a bailey
  7153 | Bailey   | Reached ****** piety under Cheibriados
  7307 | D:13     | Reached skill level 10 in Unarmed Combat
  7654 | D:13     | Reached skill level 10 in Dodging
  7719 | D:13     | Noticed a wizard
  7720 | D:13     | Paralysed by a wizard for 7 turns
  7724 | D:13     | Noticed a vault guard
  7737 | D:13     | Killed a vault guard
  7741 | D:13     | Killed a wizard
  7767 | D:13     | Noticed a vault guard
  7780 | D:13     | Killed a vault guard
  7780 | D:13     | Reached skill level 11 in Unarmed Combat
  7817 | D:13     | Reached XP level 13. HP: 69/86 MP: 19/19
  7838 | D:13     | Noticed a vault guard
  7874 | D:13     | Noticed a vault guard
  7930 | D:13     | Reached XP level 14. HP: 67/92 MP: 19/25
  8244 | D:13     | Found a gate to the Vaults.
  8374 | Orc:1    | Entered Level 1 of the Orcish Mines
  8430 | Orc:1    | Paralysed by an orc sorcerer for 7 turns
  8513 | Orc:2    | Entered Level 2 of the Orcish Mines
  8738 | Orc:2    | Found a staircase to the Elven Halls.
  8931 | D:12     | Bought a book of the Earth for 975 gold pieces
  8938 | D:12     | Learned a level 6 spell: Statue Form
  9134 | D:13     | Reached skill level 1 in Earth Magic
  9291 | D:13     | Reached skill level 1 in Transmutations
  9358 | D:14     | Reached skill level 12 in Unarmed Combat
  9383 | D:14     | Gained mutation: Your muscles are strong. (Str +2) [potion of mutation]
  9383 | D:14     | Gained mutation: Your mind is acute. (Int +2) [potion of mutation]
 10072 | D:15     | Entered Level 15 of the Dungeon
 10356 | D:15     | Reached skill level 5 in Earth Magic
 10388 | D:15     | Reached XP level 15. HP: 70/97 MP: 27/27
 10803 | Orc:1    | Identified the +9 rapier of Welfare {venom, *Rage rPois Str-4 Int+7} (You took it off an orc priest on level 9 of the Dungeon)
 11126 | Orc:1    | Found Duddet's Magic Scroll Shoppe.
 11134 | Orc:1    | Bought a scroll of teleportation for 36 gold pieces
 11134 | Orc:1    | Bought a scroll of teleportation for 36 gold pieces
 11134 | Orc:1    | Bought a scroll of magic mapping for 42 gold pieces
 11644 | Orc:2    | Noticed an orc warlord
 11657 | Orc:2    | Killed an orc warlord
 11836 | Orc:2    | Reached skill level 5 in Transmutations
 11994 | Orc:2    | Found Ponag's Antique Armour Boutique.
 11995 | Orc:2    | Found Tuifod's Antique Weapon Shop.
 11997 | Orc:2    | Found Eloleniu's General Store.
 11997 | Orc:2    | Found Quvvapae's Book Boutique.
 12032 | Orc:2    | Bought a potion of heal wounds for 75 gold pieces
 12317 | Elf:1    | Entered Level 1 of the Elven Halls
 12317 | Elf:1    | Found Umedooz's Magic Scroll Boutique.
 12321 | Elf:1    | Bought a scroll of teleportation for 57 gold pieces
 12321 | Elf:1    | Bought a scroll of teleportation for 57 gold pieces
 12416 | Elf:1    | Found Faxaf's Distillery.
 12564 | Elf:1    | Found Imynoera's Magic Scroll Boutique.
 12584 | Elf:1    | Bought a scroll of teleportation for 42 gold pieces
 12584 | Elf:1    | Bought a scroll of teleportation for 42 gold pieces
 12584 | Elf:1    | Bought a scroll of magic mapping for 49 gold pieces
 12584 | Elf:1    | Bought a scroll of teleportation for 42 gold pieces
 12584 | Elf:1    | Bought a scroll of magic mapping for 49 gold pieces
 12636 | Elf:1    | Noticed emperorscorpion's ghost (adept GnSk)
 12682 | Elf:1    | Killed emperorscorpion's ghost
 12784 | Elf:1    | Reached XP level 16. HP: 54/103 MP: 19/29
 12885 | Elf:1    | Noticed Asterion
 12932 | Elf:1    | Found Tyfuwyh's Gadget Shoppe.
 13025 | Elf:1    | Killed Asterion
 13118 | Elf:1    | Reached skill level 10 in Earth Magic
 13165 | Elf:2    | Identified the ring "Jitugiu" {+Blink rF+ rN+ Dex+4} (You found it on level 2 of the Elven Halls)
 13274 | Elf:2    | Got a citrine-encrusted chain mail
 13421 | Elf:3    | Entered Level 3 of the Elven Halls
 13450 | Elf:3    | Identified the +6 chain mail "Ethosio" {*Corrode MR+ Slay+5 SInv} (You found it on level 2 of the Elven Halls)
 13518 | Elf:3    | Cast into level 2 of the Abyss (a deep elf demonologist)
 13613 | Abyss:2  | Paralysed by a wizard for 5 turns
 13637 | Abyss:2  | Noticed a revenant
 13644 | Abyss:2  | Killed a revenant
 13661 | Abyss:2  | Noticed a bone dragon
 13676 | Abyss:2  | Killed a bone dragon
 13895 | Elf:3    | Escaped the Abyss
 13983 | Elf:3    | Reached XP level 17. HP: 109/109 MP: 25/30
 14152 | Elf:2    | Reached skill level 13 in Unarmed Combat
 14191 | Elf:2    | Noticed Donald
 14197 | Elf:2    | Killed Donald
 14247 | Elf:2    | Noticed a deep elf blademaster
 14254 | Elf:2    | Killed a deep elf blademaster
 14306 | Elf:2    | Found a runed gate.
 14306 | Elf:2    | Found a runed gate.
 14306 | Elf:2    | Found a runed gate.
 14669 | Elf:3    | Noticed a deep elf blademaster
 14680 | Elf:3    | Killed a deep elf blademaster
 14680 | Elf:3    | Reached XP level 18. HP: 72/118 MP: 31/31
 14683 | Elf:3    | Noticed a deep elf master archer
 14683 | Elf:3    | Reached skill level 14 in Unarmed Combat
 14689 | Elf:3    | Killed a deep elf master archer
 14732 | Elf:3    | Got a shimmering scale mail
 14754 | Elf:3    | Cast into level 3 of the Abyss (a deep elf sorcerer)
 14984 | Elf:3    | Escaped the Abyss
 15040 | Elf:3    | Cast into level 2 of the Abyss (a deep elf demonologist)
 15105 | Abyss:2  | Paralysed by accursed screaming for 1 turns
 15125 | Abyss:2  | Reached skill level 5 in Stealth
 15322 | Abyss:2  | Reached skill level 10 in Fighting
 15355 | Elf:3    | Escaped the Abyss
 15372 | Elf:3    | Got a faintly glowing broad axe {protect}
 15377 | Elf:3    | Identified the +3 broad axe "Usiol" {protect, *Corrode rElec rC- MR+ Int+6} (You took it off a deep elf demonologist on level 3 of the Elven Halls)
 15392 | Elf:3    | Noticed a deep elf blademaster
 15412 | Elf:3    | Noticed a deep elf master archer
 15413 | Elf:3    | Killed a deep elf blademaster
 15423 | Elf:3    | Killed a deep elf master archer
 15432 | Elf:3    | Got an encrusted chain mail
 15432 | Elf:3    | Got a flickering silver ring
 15514 | Elf:3    | Cast into level 3 of the Abyss (a deep elf sorcerer)
 15574 | Abyss:3  | Found a hide-covered altar of Uskayaw.
 15670 | Elf:3    | Escaped the Abyss
 15701 | Elf:3    | Reached XP level 19. HP: 53/126 MP: 32/32
 15710 | Elf:3    | Got a glittering silver ring
 15714 | Elf:3    | Got a heavily runed bronze ring
 15815 | Elf:3    | Identified the Guide on Aid
 15827 | Elf:3    | Learned a level 9 spell: Shatter
 15831 | Elf:3    | Learned a level 3 spell: Regeneration
 15833 | Elf:3    | Identified the ring "Zuhu" {rCorr Str+6 Stlth-} (You took it off a deep elf annihilator on level 3 of the Elven Halls)
 15912 | Elf:3    | Got a pair of transparent gloves
 15940 | Elf:3    | Learned a level 5 spell: Borgnjor's Vile Clutch
 15946 | Elf:3    | Identified the +1 pair of gloves of Music {Dex+3} (You found it on level 3 of the Elven Halls)
 15956 | Elf:3    | Identified the +1 chain mail of Hide-and-Seek {rCorr} (You took it off a deep elf master archer on level 3 of the Elven Halls)
 15966 | Elf:3    | Identified the cursed +1 scale mail of the Hills {Int+4} (You took it off a deep elf master archer on level 3 of the Elven Halls)
 15967 | Elf:3    | Identified the ring of Loinoggu {rF+ Str+2} (You took it off a deep elf sorcerer on level 3 of the Elven Halls)
 15971 | Elf:3    | Identified the ring "Qotuca" {Ice Slay+6} (You took it off a deep elf master archer on level 3 of the Elven Halls)
 16168 | Orc:1    | Bought a scroll of acquirement for 624 gold pieces
 16330 | Lair:1   | Entered Level 1 of the Lair of Beasts
 16494 | Lair:2   | Found a staircase to the Snake Pit.
 16517 | Lair:2   | Reached skill level 1 in Charms
 16558 | Snake:1  | Entered Level 1 of the Snake Pit
 16591 | Snake:1  | Reached skill level 1 in Necromancy
 16685 | Snake:1  | Reached skill level 15 in Unarmed Combat
 16691 | Snake:1  | Found Xopiach's General Store.
 16705 | Snake:1  | Bought a potion of heal wounds for 50 gold pieces
 16705 | Snake:1  | Bought a scroll of teleportation for 30 gold pieces
 16705 | Snake:1  | Bought a wand of digging (23) for 540 gold pieces
 16749 | Snake:1  | Slain by a salamander

Vault maps used:
D:1:      dpeg_arrival_snail, st_stairs_11, minmay_misc_feat_square
D:2:      cheibriados_altar_1, grunt_gozag_statues, uniq_robin
D:3:      lemuel_crystal_altar, okawaru_metal_pillars_3
D:4:      nicolae_overflow_crystal_walls, old_standard_altar
D:5:      first_ration, yredelemnul_altar_generic
D:6:      minmay_temple_entry_water_ring, serial_shops, shop_statue,
          minmay_misc_feat_hallway, uniq_blork_the_orc
D:8:      grunt_temple_overflow_champion_of_chaos, fedhas_altar_4,
          grunt_ogre_cave, minmay_joined_circles
D:9:      lemuel_coloured_pillars_altar, david_lair_generic, interstate_on_off
D:10:     dk_noncrumbling_4
D:11:     fountainhead
D:12:     david_orc_2, serial_shops,
          nicolae_shop_temple_entry_statues_fountains, shop, st_stairs_10
D:13:     grunt_vaults_entry_tiered, enter_bailey_3
D:14:     abandoned_shop
D:15:     gammafunk_enter_depths_forms, minmay_crystal_room,
          lemuel_blue_sif_altar
Lair:1:   uniq_harold, uniq_fannar
Lair:2:   guppyfry_snake_entry_island, lemuel_fruit_fields
Snake:1:  serial_bayou_pond_b, hangedman_snake_corridor_split, minmay_shop_star,
          lemuel_fruit_tree
Orc:1:    serial_shops, shop
Orc:2:    st_orc_congregation
Elf:1:    serial_shops, shop_scrolls, nicolae_shop_statue_plus, shop, shop,
          minmay_elf_sorcery, uniq_asterion
Elf:2:    uniq_donald
Elf:3:    elf_hall_gauntlet_narrow
Abyss:3:  hangedman_elemental_corridor, lemuel_flamethrower_3,
          grunt_abyss_exit_deep_breaths
Bailey:   bailey_axe_2, bailey

Skill      XL: |  1  2  3  4  5  6  7  8  9 10 11 12 13 14 15 16 17 18 19 |
---------------+----------------------------------------------------------+-----
Unarmed Combat | 1 2 3 5 6 8 9 11 12 13 14 15 | 15.0
Air Magic      | 4 |  4.0
Invocations    | 1 2 3 4 6 7 8 9 |  9.0
Fighting       | 1 2 3 4 6 7 9 10 | 10.4
Dodging        | 3 4 5 6 8 9 10 11 12 13 | 13.8
Spellcasting   | 2 4 7 8 9 |  9.0
Earth Magic    | 5 9 11 | 11.2
Transmutations | 3 6 7 |  7.8
Stealth        | 7 |  7.7
Charms         | 2 |  2.5
Necromancy     | 2 |  2.0
Conjurations   | |  0.7

Action                   |  1- 3 |  4- 6 |  7- 9 | 10-12 | 13-15 | 16-18 | 19-21 || total
-------------------------+-------+-------+-------+-------+-------+-------+-------++-------
Melee: Unarmed           |    62 |   194 |    92 |   431 |   981 |   679 |   142 ||  2581
       Punch             |       |     2 |     3 |    40 |   110 |    70 |    25 ||   250
 Cast: Shock             |    44 |   113 |   194 |   122 |     2 |       |       ||   475
       Airstrike         |       |       |       |    75 |    35 |       |       ||   110
       Animate Skeleton  |       |       |       |     2 |       |       |       ||     2
       Statue Form       |       |       |       |       |    13 |    56 |     8 ||    77
       Apportation       |       |       |       |       |     1 |       |     2 ||     3
Invok: Slouch            |       |       |     1 |     3 |    12 |    14 |     1 ||    31
       Bend Time         |       |       |       |       |     2 |       |       ||     2
       Temporal Distorti |       |       |       |       |     1 |     1 |     2 ||     4
       Step From Time    |       |       |       |       |       |     1 |       ||     1
 Abil: End Transformatio |       |       |       |       |     3 |    24 |     2 ||    29
Evoke: Wand              |       |       |       |    31 |    17 |     9 |       ||    57
  Use: Scroll            |       |     7 |     4 |    17 |     6 |     8 |     4 ||    46
       Potion            |       |     1 |     1 |       |     9 |     5 |     1 ||    17
 Stab: Sleeping          |     1 |     1 |     2 |     6 |     7 |     1 |     2 ||    20
       Distracted        |       |       |       |     2 |       |     3 |     1 ||     6
       Invisible         |       |       |       |       |       |     3 |       ||     3
  Eat: Chunk             |       |     5 |     5 |    14 |    16 |     7 |     1 ||    48
       Ration            |       |       |       |     2 |     1 |     5 |       ||     8
Armor: Robe              |    18 |       |     5 |    72 |   109 |     7 |     2 ||   213
       Ring mail         |     5 |    68 |       |       |       |       |       ||    73
       Leather armour    |       |       |    51 |       |       |       |       ||    51
       Skin              |       |       |       |       |    43 |   325 |    42 ||   410
Dodge: Dodged            |    96 |   228 |   261 |   675 |  1211 |   973 |   264 ||  3708

Table legend:
 A = Spawn XP
 B = Non-spawn XP
 C = Spawn XP percentage of total XP
 D = Spawn monster count
 E = Non-spawn monster count
 F = Spawn count percentage of total count
 G = Total turns spent on level
                    A         B        C        D         E        F      G
               +---------+---------+-------+---------+---------+-------+---------
         Total |   16743 |  253027 |   6.2 |      34 |     850 |   3.8 | 16749
               +---------+---------+-------+---------+---------+-------+---------
           D:1 |       0 |      54 |   0.0 |       0 |      25 |   0.0 |   434
           D:2 |       0 |     102 |   0.0 |       0 |      38 |   0.0 |   635
           D:3 |       0 |      90 |   0.0 |       0 |      20 |   0.0 |   842
           D:4 |       0 |     316 |   0.0 |       0 |      23 |   0.0 |   575
           D:5 |       0 |     590 |   0.0 |       0 |      24 |   0.0 |   709
           D:6 |       0 |     658 |   0.0 |       0 |      14 |   0.0 |   736
           D:7 |       0 |     595 |   0.0 |       0 |      14 |   0.0 |   547
           D:8 |       0 |    2321 |   0.0 |       0 |      25 |   0.0 |   386
           D:9 |       0 |    1518 |   0.0 |       0 |      18 |   0.0 |   595
          D:10 |       0 |    1475 |   0.0 |       0 |      17 |   0.0 |   595
          D:11 |       0 |    5229 |   0.0 |       0 |      17 |   0.0 |   464
          D:12 |       0 |    5605 |   0.0 |       0 |      37 |   0.0 |   836
          D:13 |       0 |   18883 |   0.0 |       0 |      72 |   0.0 |  1614
          D:14 |       0 |    7257 |   0.0 |       0 |      32 |   0.0 |   706
          D:15 |       0 |   10511 |   0.0 |       0 |      28 |   0.0 |   480
        Lair:1 |       0 |     657 |   0.0 |       0 |       5 |   0.0 |   154
        Lair:2 |       0 |    1849 |   0.0 |       0 |       9 |   0.0 |    74
       Snake:1 |       0 |   14446 |   0.0 |       0 |      30 |   0.0 |   191
         Orc:1 |       0 |    5757 |   0.0 |       0 |      52 |   0.0 |   968
         Orc:2 |       0 |   11174 |   0.0 |       0 |      96 |   0.0 |  1245
         Elf:1 |       0 |   25493 |   0.0 |       0 |      42 |   0.0 |   820
         Elf:2 |       0 |   60802 |   0.0 |       0 |      83 |   0.0 |   816
         Elf:3 |       0 |   52983 |   0.0 |       0 |      49 |   0.0 |  1069
       Abyss:2 |    7279 |   17593 |  29.3 |      19 |      29 |  39.6 |   692
       Abyss:3 |    9464 |    6711 |  58.5 |      15 |      17 |  46.9 |   386
        Bailey |       0 |     358 |   0.0 |       0 |      34 |   0.0 |   180
               +---------+---------+-------+---------+---------+-------+---------
